 Dungeon Sprint DCSS version 0.19.3-4-gbf9329e (webtiles) character file.

1637 Kagutsuchi the Fighter (level 8, -6/84 (85) HPs)
             Began as a Red Draconian Berserker on Jan 27, 2017.
             Was a High Priest of Trog.
             Killed from afar by a death drake (12 damage)
             ... with a foul vapour
             ... in the Dungeon (Sprint II: "The Violet Keep of Menkaure").
             The game lasted 00:07:15 (1228 turns).

Kagutsuchi the Fighter (Red Draconian Berserker)    Turns: 1228, Time: 00:07:15

HP:   -6/84 (85)    AC:  9    Str: 18      XL:     8   Next: 66%
MP:   8/8           EV: 17    Int:  3 (4)  God:    Trog [*****.]
Gold: 8             SH:  0    Dex: 11 (12) Spells: 0 memorised, 7 levels left

rFire  + . .     SeeInvis .     d - +1 trident (freeze)
rCold  . . .     Gourm    .     (armour unavailable)
rNeg   + . .     Faith    .     (no shield)
rPois  .         Spirit   .     (helmet restricted)
rElec  .         Reflect  .     (no cloak)
rCorr  .         Harm     .     (no gloves)
MR     .....     NoTele   +     (no boots)
Stlth  +.........               (no amulet)
                                i - +3 ring of protection
                                j - ring of positive energy

@: lethally poisoned (-6 -> -32), non-regenerating, diseased, slowed, very slow
A: breathe fire, unfitting armour, deterioration 1, dopey 2, fire resistance 1,
weak 1, cold-blooded, AC +6
a: Breathe Fire, Berserk, Trog's Hand, Brothers in Arms, Burn Spellbooks,
Renounce Religion


You were in the Dungeon.
You worshipped Trog.
Trog was extremely pleased with you.
You were not hungry.

You visited 1 branch You collected 972 gold pieces.
You spent 964 gold pieces at shops.

Inventory:

Hand Weapons
 a - a +0 falchion
 d - a +1 trident of freezing (weapon)
 k - a +3 vampiric spear
Jewellery
 i - a +3 ring of protection (right hand)
 j - a ring of positive energy (left hand)
Scrolls
 h - a scroll of blinking
Potions
 e - a potion of haste
 f - 2 potions of magic
 g - a potion of berserk rage
Comestibles
 b - a meat ration


   Skills:
 + Level 12.4 Fighting
 + Level 11.1 Long Blades
 + Level 4.2 Polearms
 + Level 10.4 Dodging
 + Level 0.2 Stealth


You had 7 spell levels left.
You didn't know any spells.

Dungeon Overview and Level Annotations

Branches:
Dungeon (1/1)

Altars:
Cheibriados
Dithmenos
Elyvilon
Fedhas
Gozag
Kikubaaqudgha
Makhleb
Nemelex Xobeh
Okawaru
Ru
Sif Muna
Trog
Uskayaw
Vehumet
Xom
Yredelemnul
Zin
The Shining One
Beogh
Jiyva
Lugonu

Shops:
D (?::?(=*[[!}=%![

Annotations:
D exclusion: oklob plant


Innate Abilities, Weirdness & Mutations

You can breathe blasts of fire.
Your fiery red scales are hard. (AC +6)
You cannot fit into any form of body armour.
Your flesh is heat resistant. (rF+)
You are cold-blooded and may be slowed by cold attacks.
Your body sometimes deteriorates upon taking damage.
You are very dopey. (Int -4)
You are weak. (Str -2)


Message History

The death drake barely misses you. The swamp drake completely misses you.
You're too confused!
You're too confused!
You hit the death drake.
The death drake seems to slow down.
You freeze the death drake.
The death drake is lightly wounded.
You feel less confused. The death drake misses you.
The swamp drake closely misses you.
The death drake bites you but does no damage.
The death drake barely misses you.
You closely miss the death drake.
The swamp drake roars!
The swamp drake breathes noxious fumes at you.
The noxious blast engulfs you! The death drake breathes miasma at you.
The foul vapour engulfs you!
You are lethally poisoned!
You feel your flesh rotting away!
You feel ill.
You die...

.# #. . ## ### ## +.##k
#.##..# ...# ...#
##...####..## #..#
###'###.##..# +..# #
.##.##...#..# #..# .#
#÷.<.†.##+.§####..##.# ?
.##.##...#§...###k§.##▓▓▓▓
###'###.##....§§@§§≈≈≈≈≈≈≈
# #†#####≈≈...§kk#+#######
#..#..#≈≈≈≈≈≈≈§§≈#_._.....
##.#.##≈≈≈§§≈§§.≈#._._....
≈##+##≈≈≈≈§≈≈§≈§§#_._._...
≈≈≈≈≈≈≈≈≈§§≈§§§§≈#._._._..
+++#+++#≈§≈≈≈≈§§≈#_._._._.
§≈≈≈≈ ##≈§§###≈≈#._._._._
≈§§≈≈≈≈≈##≈≈# #≈≈#.._._


You could see 2 death drakes and 2 swamp drakes.

Vanquished Creatures
  A polar bear (D)
  2 hippogriffs (D)
  A blink frog (D)
  4 neqoxecs (D)
  4 necrophages (D)
  A crocodile (D)
  4 worker ants (D)
17 creatures vanquished.

Vanquished Creatures (others)
  Menkaure (D)
  A crocodile (D)
2 creatures vanquished.

Grand Total: 19 creatures vanquished

Notes
Turn   | Place    | Note
-------+----------+-------------------------------------------
     0 | D        | Kagutsuchi the Draconian Berserker began the quest for the Orb.
     0 | D        | Reached XP level 1. HP: 19/19 MP: 1/1
     1 | D        | Noticed a neqoxec
     1 | D        | Noticed a neqoxec
     1 | D        | Noticed a neqoxec
     1 | D        | Noticed a neqoxec
     3 | D        | Noticed a quasit
     5 | D        | Noticed an iron imp
     8 | D        | Noticed an iron imp
     8 | D        | Killed a neqoxec
     8 | D        | Reached skill level 7 in Fighting
     8 | D        | Reached skill level 5 in Dodging
     8 | D        | Reached XP level 2. HP: 28/34 MP: 2/2
     8 | D        | Reached XP level 3. HP: 32/39 MP: 3/3
     8 | D        | Reached XP level 4. HP: 38/47 MP: 4/4
     9 | D        | Gained mutation: You are dopey. (Int -2) [a neqoxec]
    13 | D        | Killed a neqoxec
    13 | D        | Reached ** piety under Trog
    13 | D        | Reached skill level 8 in Fighting
    13 | D        | Reached XP level 5. HP: 47/56 MP: 5/5
    17 | D        | Gained mutation: You are weak. (Str -2) [a neqoxec]
    18 | D        | Killed a neqoxec
    18 | D        | Reached skill level 9 in Fighting
    18 | D        | Reached XP level 6. HP: 21/64 MP: 6/6
    18 | D        | Killed Menkaure
    21 | D        | Gained mutation: You are very dopey. (Int -4) [a neqoxec]
    29 | D        | Gained mutation: Your body sometimes deteriorates upon taking damage. [a neqoxec]
    33 | D        | Killed a neqoxec
    33 | D        | Reached skill level 10 in Fighting
   261 | D        | Noticed a hippogriff
   261 | D        | Noticed a hippogriff
   266 | D        | Killed a hippogriff
   266 | D        | Your scales start taking on a fiery red colour.
   266 | D        | Reached XP level 7. HP: 73/73 MP: 7/7
   266 | D        | Gained mutation: Your flesh is heat resistant. (rF+) [Red Draconian growth]
   271 | D        | Killed a hippogriff
   271 | D        | Reached *** piety under Trog
   271 | D        | Reached skill level 11 in Fighting
   271 | D        | Reached skill level 10 in Long Blades
   282 | D        | Found Lanaipn's Distillery.
   282 | D        | Found Rissapraxt's Jewellery Shop.
   282 | D        | Found Noamasm's Antique Armour Boutique.
   282 | D        | Found Roufots's Distillery.
   282 | D        | Found Waufoebb's Armour Shop.
   283 | D        | Found Utor's Antique Armour Shop.
   283 | D        | Found Sudass's Gadget Shop.
   283 | D        | Found Uronkolu's Assorted Antiques.
   284 | D        | Found Eqihifax's Jewellery Shop.
   284 | D        | Found Raeggid's Antique Weapon Boutique.
   284 | D        | Noticed a yak
   285 | D        | Found Wel Walub's Food Boutique.
   285 | D        | Noticed a yak
   286 | D        | Found Veok Anka's Magic Scroll Shop.
   286 | D        | Found Ceowimas's Book Boutique.
   286 | D        | Noticed a yak
   286 | D        | Noticed an oklob plant
   287 | D        | Found Kusac's Magic Scroll Shop.
   287 | D        | Found Fomyju Ufino's Weapon Boutique.
   287 | D        | Found Ymis's Book Shoppe.
   287 | D        | Noticed a spiny frog
   288 | D        | Noticed a spiny frog
   294 | D        | Noticed an iron elemental
   296 | D        | Bought a potion of curing for 90 gold pieces
   296 | D        | Bought a glowing trident for 285 gold pieces
   514 | D        | Reached XP level 8. HP: 82/82 MP: 8/8
   519 | D        | Reached skill level 1 in Polearms
   523 | D        | Reached **** piety under Trog
   535 | D        | Reached skill level 12 in Fighting
   576 | D        | Reached skill level 10 in Dodging
   612 | D        | Bought a +3 ring of protection for 294 gold pieces
   612 | D        | Bought an uncursed ring of positive energy for 280 gold pieces
   622 | D        | Bought a slice of pizza for 15 gold pieces
   634 | D        | Noticed a blink frog
   665 | D        | Killed a blink frog
   665 | D        | Reached ***** piety under Trog
   889 | D        | Noticed an obsidian statue
   900 | D        | Found a radiant altar of Vehumet.
   900 | D        | Found an iron altar of Okawaru.
   900 | D        | Found a glowing golden altar of the Shining One.
   901 | D        | Found a hide-covered altar of Uskayaw.
   901 | D        | Found a glowing silver altar of Zin.
   901 | D        | Found a sparkling altar of Nemelex Xobeh.
   902 | D        | Found a burning altar of Makhleb.
   902 | D        | Found an opulent altar of Gozag.
   902 | D        | Found a bloodstained altar of Trog.
   902 | D        | Found a basalt altar of Yredelemnul.
   903 | D        | Found a blossoming altar of Fedhas.
   903 | D        | Found a corrupted altar of Lugonu.
   903 | D        | Found a deep blue altar of Sif Muna.
   903 | D        | Found a shimmering altar of Xom.
   904 | D        | Found a white marble altar of Elyvilon.
   904 | D        | Found an ancient bone altar of Kikubaaqudgha.
   904 | D        | Found a sacrificial altar of Ru.
   904 | D        | Noticed a polar bear
   908 | D        | Found a shadowy altar of Dithmenos.
   908 | D        | Found a viscous altar of Jiyva.
   909 | D        | Found a snail-covered altar of Cheibriados.
   910 | D        | Found a roughly hewn altar of Beogh.
   938 | D        | Killed a polar bear
   938 | D        | Received a gift from Trog
  1216 | D        | Noticed a death drake
  1216 | D        | Noticed a death drake
  1225 | D        | HP: 2/84 [death drake/foul vapour (16)]
  1228 | D        | Killed from afar by a death drake

Skill      XL: |  1  2  3  4  5  6  7  8 |
---------------+-------------------------+-----
Fighting       | 7 8 9 10 11 12 | 12.4
Long Blades    | 6 7 8 9 10 11 | 11.1
Dodging        | 5 6 7 8 9 10 | 10.4
Polearms       | 4 |  4.2
Stealth        | |  0.2

Action                   |  1- 3 |  4- 6 |  7- 9 || total
-------------------------+-------+-------+-------++-------
Melee: Falchion          |     6 |    26 |     4 ||    36
       Tailslap          |     4 |    10 |    16 ||    30
       Trident           |       |       |    79 ||    79
Invok: Berserk           |     1 |     1 |     1 ||     3
  Use: Potion            |       |     1 |     2 ||     3
  Eat: Bread ration      |       |       |     1 ||     1
       Pizza             |       |       |     1 ||     1
Armor: Skin              |     1 |     4 |    34 ||    39
Dodge: Dodged            |     1 |    16 |   113 ||   130
       Rpst.: Falchion   |     1 |     8 |       ||     9
